 Dungeon Crawl Stone Soup version 0.30-a0-1008-g30c9307041 (webtiles) character file.

Game seed: 17694824123640247794

9 Danienth the Sneak (level 1, -2/18 HPs)
             Began as a Demigod Delver on Apr 5, 2023.
             Slain by an iguana (4 damage)
             ... on level 5 of the Dungeon.
             The game lasted 00:01:51 (110 turns).

Danienth the Sneak (Demigod Delver)                  Turns: 110, Time: 00:01:51

Health: -2/18      AC:  3    Str: 13    XL:     1   Next: 93%
Magic:  3/3        EV: 12    Int: 12    God:
Gold:   8          SH:  0    Dex: 15    Spells: 0/0 levels left

rFire   . . .      SeeInvis .    i - +1 long sword (heavy)
rCold   . . .      Faith    .    (no shield)
rNeg    . . .      Spirit   .    b - +0 leather armour
rPois   .          Reflect  .    (no helmet)
rElec   .          Rampage  .    (no cloak)
rCorr   .                        (no gloves)
Will    .....                    (no boots)
Stlth   +++                      (no amulet)
HPRegen 0.23/turn                (no ring)
MPRegen 0.08/turn                (no ring)

@: no status effects
A: high MP 1, forlorn, divine attributes
a: no special abilities


You were on level 5 of the Dungeon.
You visited 1 branch of the dungeon, and saw 1 of its levels.

You collected 8 gold pieces.

Inventory:

Hand Weapons
 a - a +0 falchion
 i - a +1 heavy long sword (weapon)
Armour
 b - a +0 leather armour (worn)
Wands
 g - a wand of digging (3)
Scrolls
 c - a scroll of fog
 d - a scroll of magic mapping
 h - a scroll of noise {unknown}
Potions
 f - a potion of haste


   Skills:
 + Level 2.8 Fighting
 + Level 2.0 Long Blades
 + Level 2.0 Dodging
 + Level 4.6 Stealth


You couldn't memorise any spells.
You didn't know any spells.
Your spell library was empty.

Dungeon Overview and Level Annotations

Branches:
Dungeon (5/15)
 Temple: D:4-7


Innate Abilities, Weirdness & Mutations

You have an increased reservoir of magic. (+10% MP)
You shall have no god before yourself.
Your divine heritage dramatically boosts your attributes as you level up.


Message History

Found 6 stones.
You see here a +1 heavy long sword.
i - a +1 heavy long sword The gnoll hits you from afar with a +0 spear.
The hound bites you but does no damage.
As you read the scroll of fear, it crumbles to dust.
You assume a fearsome visage.
The hound looks frightened!
The gnoll looks frightened! x3
i - a +1 heavy long sword (weapon)
HP restored.
You hear the slow hiss of a very distant avalanche of sand.
Found a scroll labelled JESKIA URPHI.
A gnoll is nearby!
The gnoll hits you from afar with a +0 spear.
The gnoll barely misses you.
The gnoll hits you from afar with a +0 spear.
The gnoll hits you with a +0 spear.
You slice the gnoll!!
You kill the gnoll!
Your Long Blades skill increases to level 2!
Your Dodging skill increases to level 2!
Things that are here:
a +0 spear; a gnoll corpse You start resting.
HP restored.
You start waiting.
You hear the slow hiss of a very distant avalanche of sand.
An iguana comes into view.
The iguana hisses angrily.
You see here a scroll labelled JESKIA URPHI.
You slash the iguana!
The iguana is severely wounded.
The iguana barely misses you. The iguana bites you!
Ouch! That really hurt!
You hit the iguana.
The iguana is almost dead.
The iguana bites you!
* * * LOW HITPOINT WARNING * * *
The iguana bites you.
You die...

#.....)..#.#.#
####........#.#.#
#...........#.#+#
#.......###.#..
#...........#..
#...........#...
###.........#...
#...^.....#....
#..@l.....#
#.........#
#.........#
#........##
#####+####


You could see an iguana.

Vanquished Creatures
  A gnoll (D:5)
1 creature vanquished.

Notes
Turn   | Place    | Note
-------+----------+-------------------------------------------
     0 | D:5      | Danienth the Demigod Delver began the quest for the Orb.
     0 | D:5      | Reached XP level 1. HP: 18/18 MP: 3/3
    19 | D:5      | Noticed a hound
   104 | D:5      | Noticed an iguana
   110 | D:5      | Slain by an iguana

Illustrated notes

Levels and vault maps discovered:
D:5:      layout_basic, enter_ossuary_3

Skill      XL: |  1 |
---------------+----+-----
Long Blades    | 2 |  2.0
Dodging        | 2 |  2.0
Fighting       | |  2.8
Stealth        | |  4.6

Action                     || total
---------------------------++-------
  Melee: Long sword        ||     3
    Use: Scroll            ||     1
 Armour: Leather armour    ||     1
  Dodge: Dodged            ||     2

Table legend: (Time is in decaauts)
 A = Elapsed time spent in this place.
 B = Non-inter-level travel time spent in this place.
 C = Inter-level travel time spent in this place.
 D = Time resting spent in this place.
 E = Time spent auto-exploring this place.
 F = Levels seen in this place.
 G = Mean time per level.
                   A        B        C        D        E       F      G
               +--------+--------+--------+--------+--------+-----+--------+
         Total |    111 |     99 |     12 |     37 |     21 |   1 |  111.0 |
       Dungeon |    111 |     99 |     12 |     37 |     21 |   1 |  111.0 |
               +--------+--------+--------+--------+--------+-----+--------+

Top non-repeatable levels by time:
     D:5: 111 daAuts
